 Dungeon Crawl Stone Soup version 0.16.1-18-g436b03c (webtiles) character file.

2359 masdan the Grappler (level 9, 0/96 HPs)
             Began as a Troll Berserker on Apr 28, 2015.
             Was a Priest of Trog.
             Succumbed to a killer bee's poison
             ... on level 7 of the Dungeon on Apr 29, 2015.
             The game lasted 00:37:19 (6837 turns).

masdan the Grappler (Troll Berserker)               Turns: 6837, Time: 00:37:19

Health: 0/96       AC:  6    Str: 30    XL:     9   Next: 20%
Magic:  4/4        EV:  9    Int:  6    God:    Trog [***...]
Gold:   280        SH:  0    Dex:  9    Spells: 0 memorised, 8 levels left

rFire  . . .     SeeInvis +       - Unarmed
rCold  . . .     Clarity  .     c - +0 robe
rNeg   . . .     SustAb   .     (shield restricted)
rPois  .         Gourm    +     (helmet restricted)
rElec  .         Spirit   .     q - +0 cloak
rCorr  .         Warding  .     (gloves unavailable)
rMut   .         Stasis   .     (boots unavailable)
MR     .....                    j - amulet of rage
Stlth  +.........               M - ring of see invisible
                                v - +3 ring of intelligence

@: lethally poisoned (0 -> -35), not resistant to hostile enchantments, very
unstealthy
A: unfitting armour, claws 3, fast metabolism 3, gourmand, regeneration 2,
shaggy fur 1, tough skin 2
a: Burn Spellbooks, Berserk, Trog's Hand, Renounce Religion, Evoke Berserk Rage


You were on level 7 of the Dungeon.
You worshipped Trog.
Trog was most pleased with you.
You were near starving.

You visited 1 branch of the dungeon, and saw 7 of its levels.

You collected 280 gold pieces.

Inventory:

Hand weapons
 y - a cursed -2 dagger
 F - a +0 trident
 J - a +0 flail
 L - a +1 dagger of draining
 Q - a +1 flail of protection
 T - a +0 shortbow
 X - a +0 long sword
Missiles
 D - 23 stones (quivered)
Armour
 b - a +0 animal skin
 c - a +0 robe (worn)
 f - a +0 ring mail
 m - a +0 leather armour
 q - a +0 cloak (worn)
 G - a +0 chain mail
 I - a +0 leather armour
 N - a +0 robe
 R - a +0 leather armour
 W - a cursed +0 scale mail
 Y - a +0 cloak
Magical staves
 o - an uncursed staff of air {unknown}
Jewellery
 d - an uncursed ring of wizardry
 j - an amulet of rage (around neck)
 v - a +3 ring of intelligence (left claw)
 M - a ring of see invisible (right claw)
 S - an uncursed ring of protection from fire
Magical devices
 a - a wand of draining (7)
 P - a wand of teleportation (4)
 V - a wand of draining (9)
Scrolls
 h - 7 scrolls of identify {unknown}
 i - 4 scrolls of fog {unknown}
 l - 3 scrolls of remove curse {unknown}
 n - a scroll of enchant weapon {unknown}
 t - a scroll of enchant armour {unknown}
 u - a scroll of amnesia {unknown}
 A - a scroll of recharging {unknown}
Potions
 e - a potion of poison {unknown}
 g - a potion of berserk rage {unknown}
 k - a potion of lignification {unknown}
 p - 3 potions of curing {unknown}
 r - a potion of cure mutation {unknown}
 s - 2 potions of heal wounds {unknown}
 w - a potion of flight {unknown}
 z - 2 potions of restore abilities {unknown}
 B - a potion of haste {unknown}
 C - 3 potions of degeneration {unknown}
 H - 2 potions of agility {unknown}
Comestibles
 x - 2 poisonous chunks of flesh


   Skills:
 * Level 8.1 Fighting
 - Level 1.5 Armour
 - Level 1.5 Dodging
 * Level 8.8 Unarmed Combat


You had 8 spell levels left.
You didn't know any spells.

Dungeon Overview and Level Annotations

Branches:
Dungeon (7/15)
 Temple: D:4-7

Altars:
Cheibriados
Kikubaaqudgha
Okawaru
Qazlal
Trog
Xom


Innate Abilities, Weirdness & Mutations

You are too large for most types of armour.
You have claws for hands.
Your metabolism is lightning-fast.
You like to eat raw meat.
You heal very quickly.
You are covered in fur (AC +1).
You have very tough skin (AC +2).


Message History

* * * LOW HITPOINT WARNING * * *
You feel very sick. The killer bee closely misses you.
The killer bee stings you.
* * * LOW HITPOINT WARNING * * *
You are more poisoned.
The killer bee poisons you! The killer bee closely misses you.
The killer bee stings you.
* * * LOW HITPOINT WARNING * * *
You miss the killer bee.
The killer bee is moderately wounded.
* * * LOW HITPOINT WARNING * * *
You feel very sick. The killer bee stings you.
* * * LOW HITPOINT WARNING * * *
The killer bee completely misses you. The killer bee closely misses you.
The killer bee closely misses you.
You claw the killer bee!
You kill the killer bee!
Trog accepts your kill.
You die...

#(..# ##(..#
###..#..#
#.)..##..##
#....# #..#
#....####.##
#....##....###
#............#
#..(...@..?..#
#....###y.##..#
.......# ...#
##.........##
.##......##
##..... #.....
.... .


You could see a killer bee.

Vanquished Creatures
  The ghost of drasked the Cleaver, an experienced GrBe of Trog (D:6)
  Edmund (D:5)
  2 ice beasts
  An ogre (D:6)
  A sky beast (D:5)
  4 centaurs
  A giant frog (D:5)
  A scorpion (D:6)
  4 killer bees (D:7)
  2 crimson imps (D:6)
  A hound (D:3)
  3 centaur zombies
  3 giant frog zombies (D:5)
  A goliath beetle (D:7)
  A centaur skeleton (D:5)
  A jelly (D:6)
  A giant frog skeleton (D:4)
  Natasha (D:6)
  3 orc wizards
  3 worker ants
  A hound skeleton (D:4)
  A hound zombie (D:5)
  3 worker ant zombies (D:5)
  4 gnolls (D:4)
  7 adders
  A giant mite (D:3)
  3 worms
  5 adder zombies
  5 giant geckos
  An ooze (D:1)
  11 orcs
  A ball python (D:4)
  A bat skeleton (D:6)
  2 bat zombies (D:5)
  15 goblins
  9 hobgoblins
  3 jackals (D:2)
  2 quokkas
  12 bats
  9 giant cockroaches
  2 giant gecko skeletons (D:5)
  2 giant gecko zombies (D:5)
  3 giant newts
  A jackal skeleton (D:5)
  14 kobolds
  A quokka skeleton (D:5)
  A quokka zombie (D:5)
  17 rats
  4 ballistomycetes
  A plant (D:5)
178 creatures vanquished.

Vanquished Creatures (others)
  2 giant spores
  A rat (D:5)
3 creatures vanquished.

Grand Total: 181 creatures vanquished

Notes
Turn   | Place    | Note
--------------------------------------------------------------
     0 | D:1      | masdan, the Troll Berserker, began the quest for the Orb.
     0 | D:1      | Reached XP level 1. HP: 22/22 MP: 1/1
   319 | D:1      | Reached XP level 2. HP: 29/29 MP: 1/1
  1151 | D:2      | Reached XP level 3. HP: 36/36 MP: 2/2
  1178 | D:2      | Acquired Trog's second power
  1460 | D:2      | Reached skill level 4 in Unarmed Combat
  1621 | D:3      | Reached XP level 4. HP: 9/45 MP: 2/2
  1833 | D:3      | Reached XP level 5. HP: 53/53 MP: 2/2
  1846 | D:3      | Reached skill level 5 in Unarmed Combat
  2286 | D:3      | Found a bloodstained altar of Trog.
  2820 | D:4      | Reached XP level 6. HP: 58/62 MP: 3/3
  3401 | D:5      | Entered Level 5 of the Dungeon
  3401 | D:5      | Noticed Edmund
  3410 | D:5      | Killed Edmund
  3416 | D:5      | Reached skill level 5 in Fighting
  3416 | D:5      | Reached XP level 7. HP: 64/72 MP: 3/3
  3760 | D:5      | Reached skill level 6 in Fighting
  4162 | D:5      | Reached XP level 8. HP: 49/84 MP: 3/3
  5120 | D:6      | Reached skill level 7 in Unarmed Combat
  5226 | D:6      | Found a shimmering altar of Xom.
  5228 | D:6      | Found an iron altar of Okawaru.
  5229 | D:6      | Found a snail-covered altar of Cheibriados.
  5230 | D:6      | Found an ancient bone altar of Kikubaaqudgha.
  5231 | D:6      | Found a stormy altar of Qazlal.
  5414 | D:6      | Noticed drasked's ghost (experienced GrBe)
  5423 | D:6      | Killed drasked's ghost
  5423 | D:6      | Reached skill level 8 in Unarmed Combat
  5710 | D:6      | Noticed Natasha
  5717 | D:6      | Killed Natasha
  5904 | D:6      | Reached XP level 9. HP: 96/96 MP: 4/4
  6318 | D:7      | Received a gift from Trog
  6836 | D:7      | HP: 3/96 [killer bee (5)]
  6837 | D:7      | Succumbed to a killer bee's poison

Action                   |  1- 3 |  4- 6 |  7- 9 || total
-------------------------+-------+-------+-------++-------
Melee: Unarmed           |   110 |   139 |   272 ||   521
Throw: Stone             |       |       |     1 ||     1
Invok: Berserk           |     2 |     4 |     3 ||     9
  Use: Scroll            |     1 |       |       ||     1
  Eat: Chunk             |    11 |    14 |    14 ||    39
       Royal jelly       |     1 |       |       ||     1
       Fruit             |       |     2 |       ||     2
       Bread ration      |       |     1 |       ||     1
       Meat ration       |       |       |     4 ||     4
